 Dungeon Crawl Stone Soup version 0.23-a0-512-g50a8178 (webtiles) character file.

41 theanonym the Skirmisher (level 3, -5/29 HPs)
             Began as a Mummy Warper on Dec 4, 2018.
             Slain by Terence
             ... wielding a +0 mace
              (7 damage)
             ... on level 2 of the Dungeon.
             The game lasted 00:01:26 (1193 turns).

theanonym the Skirmisher (Mummy Warper)             Turns: 1193, Time: 00:01:27

Health: -5/29      AC:  3    Str: 15    XL:     3   Next: 32%
Magic:  7/7        EV: 11    Int: 12    God:
Gold:   66         SH:  0    Dex: 11    Spells: 7/7 levels left

rFire    x . .     SeeInvis .   a - +0 mace
rCold    + . .     Gourm    .   (no shield)
rNeg     + + +     Faith    .   b - +0 leather armour
rPois    ∞         Spirit   .   (no helmet)
rElec    .         Reflect  .   (no cloak)
rCorr    .         Harm     .   (no gloves)
MR       .....                  (no boots)
Stlth    +.........             (no amulet)
HPRegen  0.09/turn              (no ring)
MPRegen  0.10/turn              (no ring)

@: no status effects
A: no food or potions, fire vulnerability, cold resistance 1, negative energy
resistance 3, torment resistance, unbreathing
a: no special abilities


Innate Abilities, Weirdness & Mutations

You do not eat or drink.
Your flesh is vulnerable to fire.
You are immune to poison.
Your flesh is cold resistant. (rC+)
You are immune to negative energy. (rN+++)
You are immune to unholy pain and torment.
You can survive without breathing.


   Skills:
 + Level 3.0 Fighting
 + Level 2.4 Maces & Flails
 - Level 0.7 Throwing
 - Level 0.7 Armour
 - Level 1.5 Dodging
 - Level 2.6 Spellcasting
   Level 2.4 Translocations


You had 7 spell levels left.
You didn't know any spells.
Your spell library contained the following spells:

 Spells                   Type           Power        Failure   Level  Hunger
 Blink                    Tloc           N/A          17%         2    N/A
 Shroud of Golubria       Chrm/Tloc      #.........   28%         2    N/A
 Gell's Gravitas          Tloc           #.........   34%         3    N/A
 Lesser Beckoning         Tloc           #.........   34%         3    N/A
 Teleport Other           Tloc           #.......     34%         3    N/A
 Passage of Golubria      Tloc           N/A          75%         4    N/A

Skill      XL: |  1  2  3 |
---------------+----------+-----
Maces & Flails | 2 |  2.4
Fighting       | 3 |  3.0
Throwing       | |  0.7
Armour         | |  0.7
Dodging        | |  1.5
Spellcasting   | |  2.6
Translocations | |  2.4

Action                   || total
-------------------------++-------
Melee: Mace              ||   125
Throw: Tomahawk          ||     5
 Stab: Sleeping          ||     3
Armor: Leather armour    ||    23
Dodge: Dodged            ||    94

Inventory:

Hand Weapons
 a - a +0 mace (weapon)
Armour
 b - a +0 leather armour (worn)
 c - a +0 pair of boots
   (You found it on level 1 of the Dungeon)
Scrolls
 d - a scroll of identify {unknown}
 B - a scroll of blinking


You were on level 2 of the Dungeon.
You were not hungry.

You visited 1 branch of the dungeon, and saw 2 of its levels.

You collected 66 gold pieces.

Dungeon Overview and Level Annotations

Branches:
Dungeon (2/15)

Altars:
Wu Jian

Annotations:
D:2 Terence

##### ## #...##
.. ##.#..####
#.##........#
#...@@...#
.....##..#..#
#.#####..# ...#
.........# #.#
..###.#..####.#
#.###.........#
#.......###.#.#
...####.<.....#
## ##..###.#


You could see Terence.

Notes
Turn   | Place    | Note
-------+----------+-------------------------------------------
     0 | D:1      | theanonym the Mummy Warper began the quest for the Orb.
     0 | D:1      | Reached XP level 1. HP: 16/16 MP: 4/4
   114 | D:1      | Reached XP level 2. HP: 17/23 MP: 5/5
   214 | D:1      | Reached skill level 2 in Maces & Flails
   585 | D:1      | Reached XP level 3. HP: 24/28 MP: 7/7
   715 | D:1      | Reached skill level 3 in Fighting
  1138 | D:2      | Found an ornate altar of the Wu Jian Council.
  1138 | D:2      | Noticed a phantom
  1175 | D:2      | Noticed Terence
  1180 | D:2      | HP: 9/29 [Terence/+0 mace (6)]
  1187 | D:2      | HP: 8/29 [Terence/+0 mace (2)]
  1192 | D:2      | HP: 2/29 [Terence/+0 mace (3)]
  1193 | D:2      | Slain by Terence

Vanquished Creatures
  2 dart slugs (D:1)
  A leopard gecko (D:1)
  3 bats (D:1)
  A goblin (D:1)
  8 hobgoblins
  2 kobolds (D:1)
  22 rats (D:1)
39 creatures vanquished.

Table legend:
 A = Turns spent in this place as a percentage of turns spent in the entire game.
 B = Non-inter-level travel turns spent in this place as a percentage of non-inter-level travel turns spent in the entire game.
 C = Inter-level travel turns spent in this place as a percentage of turns spent in this place.
 D = Turns resting spent in this place as a percentage of non-inter-level travel turns spent in this place.
 E = Turns spent auto-exploring this place as a percentage of non-inter-level travel turns spent in this place.
 F = Non-inter-level travel turns spent in this place divided by the number of levels of this place that you've seen.
                   A       B       C       D       E      F
               +-------+-------+-------+-------+-------+----------------------
         Total | 100.0 | 100.0 |   2.8 |  16.0 |  65.7 | 579.5
       Dungeon | 100.0 | 100.0 |   2.8 |  16.0 |  65.7 | 579.5
               +-------+-------+-------+-------+-------+----------------------
